[Event "MCC Labor Day Schev 2024"]
[Site "New York"]
[Date "2024.09.01"]
[Round "5.4"]
[White "Patel, Maahir M"]
[Black "Podavonov, Alisher"]
[Result "1/2-1/2"]
[ECO "A30"]
[WhiteElo "2005"]
[BlackElo "2140"]
[Annotator "TA"]
[PlyCount "49"]
[EventDate "2024.08.28"]
[EventType "schev"]
[EventCountry "USA"]
[SourceTitle "playchess.com"]
[Source "ChessBase"]
[SourceQuality "1"]
[TimeControl "5400+30"]

1. Nf3 Nf6 2. g3 b6 3. Bg2 Bb7 4. O-O c5 5. c4 e6 6. Nc3 d6 7. d4 cxd4 8. Qxd4 Be7 9. b3 O-O 10. Bb2 a6 11. e4 Nbd7 12. Rfe1 Qc7 13. Rac1 Rac8 14. Qd2 Rfd8 15. Nd4 Qb8 {[%emt 0:00:00] White has an edge.} 16. h3 Bf8 17. f4 (17. Qe3 $142) 17... Qa8 (17... b5 $142) 18. g4 (18. Kh2 $1 $11) 18... Nc5 (18... b5 $15) 19. Qe3 (19. Qe2 $142 $1) 19... e5 $11 20. Nf5 exf4 21. Qxf4 {[%emt 0:00:09] [#] Black must now prevent Nd5.} Nd3 22. Qg5 {[%emt 0:00:36][%cal Oc3d5] Strongly threatening Nd5!} Nxb2 $2 (22... Kh8 $1 $11) 23. Nh6+ $16 {[%emt 0:01:01] White is clearly better.} Kh8 {[%emt 0:00:00] ...Rc7 is the strong threat.} 24. Nxf7+ Kg8 25. Nh6+ $2 {[%emt 0:00:05] Weighted Error Value: White=0.25 (precise) /Black=0.39.  Missed win:     	White=1     	---        Mistake:       	White=3     	Black=3      Inaccurate:     	---       	Black=1      OK:         	White=3     	Black=2      Best:        	White=2     	Black=1} (25. Nxd8 $18 Rxd8 26. Qd2) 1/2-1/2

[Event "MCC Labor Day Schev 2024"]
[Site "New York"]
[Date "2024.09.01"]
[Round "5.5"]
[White "Zhao, Alex"]
[Black "Sarkar, Justin"]
[Result "0-1"]
[ECO "A04"]
[WhiteElo "2043"]
[BlackElo "2276"]
[Annotator "TA"]
[PlyCount "88"]
[EventDate "2024.08.28"]
[EventType "schev"]
[EventCountry "USA"]
[SourceTitle "playchess.com"]
[Source "ChessBase"]
[SourceQuality "1"]
[TimeControl "5400+30"]

1. Nf3 c5 2. g3 g6 3. Bg2 Bg7 4. O-O Nc6 5. d3 d6 6. c4 e6 7. Nc3 Nge7 8. Bd2 {[%emt 0:07:03] The position is equal.} O-O 9. Qc1 d5 10. Bh6 d4 11. Bxg7 Kxg7 12. Ne4 b6 13. e3 Rb8 14. Re1 f6 15. exd4 Nxd4 16. Qc3 Nxf3+ 17. Bxf3 Nf5 18. Bg2 e5 19. b4 cxb4 20. Qxb4 Nd4 21. Rac1 {[%emt 0:01:30] Dodges Nc2} Bb7 22. Qd6 Bxe4 23. Qxd8 Rfxd8 24. Bxe4 Rbc8 25. Kg2 Rc5 26. a3 Rdc8 27. f4 exf4 28. gxf4 {[%emt 0:00:03] [#]} Ra5 $1 29. Rc3 Re8 {[%emt 0:00:12] Hoping for ...f5.} 30. Rf1 f5 31. Bf3 h6 32. h4 Kf6 (32... Re3 $19 33. Rf2 Re1) 33. Bd1 ({Better is} 33. Kf2 $15) 33... Re3 $36 {[%emt 0:04:21][%mdl 2048] Keeping White busy. Black is much more active.} 34. Kf2 $2 {[%emt 0:00:32] [#] Loses the game.} (34. Rh1 $17 {might work better.}) 34... Rh3 $19 35. Kg2 Rxh4 36. Kg3 g5 {[%emt 0:00:06] Black is clearly winning.} 37. a4 Ne6 38. fxg5+ hxg5 39. Ra3 f4+ 40. Kg2 Nd4 41. Ra2 Kf5 42. Rh1 Rxh1 43. Kxh1 f3 44. Rh2 Re5 {[%emt 0:00:08] Weighted Error Value: White=0.63/Black=0.11 (very precise) .  Loses game:     	White=1     	---        Mistake:       	White=1     	Black=1      Inaccurate:     	White=3     	---        OK:         	White=10    	Black=15     Best:        	---       	Black=4      Strong:       	---       	Black=1} 0-1

[Event "MCC Labor Day Schev 2024"]
[Site "New York"]
[Date "2024.09.01"]
[Round "5.6"]
[White "Nasta, Kiren Vivek"]
[Black "Shangin, Lev"]
[Result "0-1"]
[ECO "B85"]
[WhiteElo "2148"]
[BlackElo "1974"]
[Annotator "TA"]
[PlyCount "76"]
[EventDate "2024.08.28"]
[EventType "schev"]
[EventCountry "USA"]
[SourceTitle "playchess.com"]
[Source "ChessBase"]
[SourceQuality "1"]
[TimeControl "5400+30"]

1. e4 c5 2. Nf3 d6 3. d4 cxd4 4. Nxd4 Nf6 5. Nc3 a6 6. Be2 e6 7. Be3 Be7 8. O-O O-O 9. f4 Nc6 10. a4 Qc7 11. Kh1 Nxd4 12. Qxd4 Bd7 13. e5 Ne8 14. Rad1 Bc6 15. Bd3 {[%emt 0:08:05] The position is equal.} Rd8 16. Qb6 (16. Bg1 $15) 16... dxe5 $17 17. fxe5 Qxe5 18. Bf4 Qh5 19. Rde1 (19. b4 $17 Nf6 20. b5 axb5 21. axb5) 19... Qc5 (19... Nf6 $19 {And now ...Bc5 would win.} 20. Re5 Qh4) 20. Qb3 (20. Qxc5 $17 Bxc5 21. Bg5) 20... Nf6 $19 21. Re5 Qd4 $40 {[%emt 0:00:22][%mdl 128] Black wants a kill.} 22. Rg5 (22. Re2 $142) 22... h6 23. Be5 (23. Ne2 {is a better defense.} Qxa4 24. Qxa4 Bxa4 25. Ra5) 23... Qh4 24. Rg3 (24. Bxf6 $142 Bxf6 (24... hxg5 $2 {is the wrong capture.} 25. Bxe7 Rxd3 26. cxd3 $18) 25. Rc5) 24... Ng4 25. Rxg4 Qxg4 {[%emt 0:00:08][%csl Gc6][%cal Rg4g2] [#]} 26. Bg3 Qb4 27. Qa2 Bd6 {[%emt 0:00:24] Black is clearly winning.} 28. Ne2 Bxg3 ({Weaker is} 28... Bxa4 29. Be1 $15) 29. Nxg3 Qxa4 30. Qb1 Bb5 31. b3 Qd4 32. Bxb5 axb5 33. Qe1 Rc8 34. Qe2 Qc5 35. Nh5 Qxc2 36. Qe5 Qg6 ({Inferior is} 36... Qxb3 37. Qxg7#) 37. Qxb5 Qg5 38. Qe2 Rc1 {[%emt 0:01:07] White did not feel at home in the position after the opening.   Weighted Error Value: White=0.52/Black=0.15 (very precise) .  Mistake:       	White=6     	Black=1      Inaccurate:     	White=2     	---        OK:         	White=3     	Black=10     Best:        	White=1     	Black=2} 0-1

[Event "MCC Labor Day Schev 2024"]
[Site "New York"]
[Date "2024.09.01"]
[Round "5.7"]
[White "Zaderman, Vitaly"]
[Black "Gaw, Chloe"]
[Result "1/2-1/2"]
[ECO "A36"]
[WhiteElo "2093"]
[BlackElo "1981"]
[Annotator "TA"]
[PlyCount "66"]
[EventDate "2024.08.28"]
[EventType "schev"]
[EventCountry "USA"]
[SourceTitle "playchess.com"]
[Source "ChessBase"]
[SourceQuality "1"]
[TimeControl "5400+30"]

1. c4 c5 2. Nc3 Nc6 3. g3 g6 4. Bg2 Bg7 5. e3 e6 6. Nge2 Nge7 7. O-O O-O 8. d4 cxd4 9. exd4 d5 10. cxd5 Nxd5 11. Nxd5 exd5 12. Be3 Bg4 {[%emt 0:05:38] The position is equal.} 13. Qd2 Bxe2 14. Qxe2 Nxd4 15. Bxd4 Bxd4 16. Rad1 Qb6 17. Bxd5 Qxb2 18. Qxb2 Bxb2 19. Bxb7 Rad8 20. Kg2 Kg7 21. Bf3 Bd4 22. Rd3 Bb6 23. Rxd8 Rxd8 $11 {[%emt 0:00:02][%mdl 4096] Endgame. KRB-KRB} 24. Rd1 Rc8 25. Rd2 {[%emt 0:00:24] Prevents Rc2} Rc3 26. h4 h5 27. Bd5 Ba5 28. Re2 Rc7 29. Bb3 Bb6 30. Bd5 Rd7 31. Bb3 Rc7 32. Kf3 Rc3+ 33. Kg2 Rc7 {[%emt 0:00:07] An uneventful encounter.   Weighted Error Value: White=0.00 (flawless) /Black=0.00 (flawless) .  OK:         	White=10    	Black=5} 1/2-1/2

[Event "MCC Labor Day Schev 2024"]
[Site "New York"]
[Date "2024.09.01"]
[Round "5.8"]
[White "Khodzhamkuliev, Bahadur"]
[Black "Mottola, Max"]
[Result "1/2-1/2"]
[ECO "D05"]
[WhiteElo "2187"]
[BlackElo "2103"]
[Annotator "TA"]
[PlyCount "77"]
[EventDate "2024.08.28"]
[EventType "schev"]
[EventCountry "USA"]
[SourceTitle "playchess.com"]
[Source "ChessBase"]
[SourceQuality "1"]
[TimeControl "5400+30"]

1. Nf3 d5 2. d4 Nf6 3. e3 c5 4. Nbd2 Nc6 5. c3 Bg4 (5... e6 $11) 6. Qa4 (6. dxc5 $14 e5 7. b4) 6... Nd7 7. Bb5 Qc7 8. c4 {[%emt 0:05:54] White has an edge.} dxc4 9. O-O (9. Bxc4 Nb6 10. Qb3 Nxc4 11. Qxc4 cxd4 $11) (9. dxc5 $14 e6 10. Qxc4 (10. Bxc4 Nxc5 11. Qc2 Bf5 $15) (10. Nxc4 Bxc5 11. Bxc6 bxc6 $11) 10... Bxf3 11. Nxf3) 9... e6 10. Qxc4 Bxf3 11. Nxf3 a6 12. Bxc6 Qxc6 13. e4 Qxe4 14. Re1 Qf5 15. d5 b5 16. Qe2 (16. Qc3 $11 Qxd5 17. Bg5) 16... Qxd5 $17 17. Bg5 Be7 18. Rad1 Qf5 {[%emt 0:02:49] [#]} (18... Qxa2 19. Qe4 Ra7 20. Bxe7 Kxe7 21. Ne5 Nxe5 (21... Qxb2 $2 22. Nc6+ Kf8 23. Nxa7 $18) 22. Qxe5 $18) (18... Qc6 $17 {...Bxg5 is the strong threat.} 19. Bxe7 Kxe7) 19. Bxe7 {[%emt 0:07:36] White is more active.} (19. Rxd7 $1 $16 Kxd7 20. Ne5+ Ke8 21. g4 Qxg5 22. Qf3) 19... Kxe7 $11 20. Qd2 $1 $36 {[%emt 0:03:30][%mdl 2048] White is more active.} Rhd8 21. Qd6+ Ke8 22. Qc6 $1 {[%emt 0:09:07][%cal Od1d7] Threatens to win with Rxd7!} Rac8 23. Qxa6 b4 24. Rd6 Ra8 (24... c4 $5 25. Nd4 Qc5 26. Rdxe6+ Kf8 $17 (26... fxe6 27. Nxe6 Qb6 28. Nc5+ Kf7 29. Qxc4+ Kf8 30. Nxd7+ Rxd7 31. Qxc8+ Rd8 32. Qc4 $16)) 25. Qb5 Rab8 26. Qa6 Ra8 27. Qe2 (27. Qb5 $11) 27... Nf6 28. Qb5+ Kf8 29. Rxd8+ Rxd8 30. a4 bxa3 31. bxa3 Ne4 (31... Qd5 $17 32. h3 Qd6 (32... c4 33. Qb4+ Qd6 34. Qxc4 $17)) 32. a4 {[%emt 0:01:57] [#]} (32. Qa5 $11 Ke7 33. Qa7+ Rd7 34. Qb8) 32... g5 ({Better is} 32... Qd5 $1 $17) 33. h3 $1 h5 34. Qb6 Ra8 35. Qb2 (35. Qc6 $5 Qd5 $8 36. Qc7 $11) 35... Kg8 {[%emt 0:01:25] Prevents Qh8+.} 36. Qc2 Nd6 37. Qd2 Ne4 (37... Qf4 $15 38. Qd1 Ne4 (38... Rxa4 39. g3 $14)) 38. Qe3 $2 (38. Qc2 $11 {and White has nothing to worry.} Nd6 39. Qd1) 38... Rxa4 $19 39. Rc1 {[%emt 0:02:52][%mdl 32768] Weighted Error Value: White=0.31/Black=0.24 (precise) .  Loses game:     	White=1     	---        Mistake:       	White=5     	Black=4      Inaccurate:     	White=4     	Black=3      OK:         	White=10    	Black=10     Best:        	---       	Black=4      Strong:       	White=3     	---       . An unexpected result.} 1/2-1/2

[Event "MCC Labor Day Schev 2024"]
[Site "New York"]
[Date "2024.09.01"]
[Round "5.9"]
[White "Aravindakshan, Sahana"]
[Black "Martin Del Campo Cardenas, Roberto Abel"]
[Result "1/2-1/2"]
[ECO "E71"]
[WhiteElo "2003"]
[BlackElo "2216"]
[Annotator "TA"]
[PlyCount "120"]
[EventDate "2024.08.28"]
[EventType "schev"]
[EventCountry "USA"]
[SourceTitle "playchess.com"]
[Source "ChessBase"]
[SourceQuality "1"]
[TimeControl "5400+30"]

1. d4 Nf6 2. c4 d6 3. Nc3 g6 4. e4 Bg7 5. h3 O-O 6. Bg5 c5 7. d5 b5 8. cxb5 a6 9. a4 Qa5 10. Bd2 axb5 11. Bxb5 Ba6 12. Bxa6 (12. Ra3 $16) 12... Nxa6 $11 13. Nf3 Rfb8 {[%emt 0:00:32] The position is equal.} 14. Rb1 c4 15. Qe2 Nc5 16. Qxc4 (16. O-O $1 $11 {keeps the balance.}) 16... Rb4 $1 $17 17. Qe2 Nfxe4 18. O-O Nxd2 19. Nxd2 Ra7 20. Nb5 Rd7 (20... Rb7 $1 $15 21. b3 Nxb3 22. Rxb3 Rxb3 23. Nxb3 Qxa4 24. Nxd6 exd6 (24... Rxb3 25. Nc8 $11)) 21. b3 $14 Qa6 22. Qe3 {[%emt 0:06:43] Repels Bh6} Qa8 23. Rfd1 (23. Qf3 $1 $16) 23... Qxd5 $11 24. Nc4 Qe6 25. Qf3 d5 26. Ne3 {[%emt 0:06:45] Excellent horsemanship.} Rxb3 27. Rxb3 Nxb3 28. Rxd5 Nd4 29. Nxd4 Bxd4 30. Rxd7 Qxd7 {[%emt 0:00:04][%mdl 4096] Endgame. KQB-KQN} 31. Qd1 Qa7 32. Qb3 Kg7 33. Kh1 Qa5 34. Qd1 {[%emt 0:00:31] Against Qe1+} e5 35. Kg1 Qc3 36. Qc2 (36. Qf3 $11) 36... Qe1+ $17 37. Nf1 {[%emt 0:00:05] [#]} e4 $1 38. Qd2 $2 {[%emt 0:00:32] [#]} (38. g3 $17 {is a better defense.}) 38... Qa1 $2 (38... Qxd2 $1 $19 39. Nxd2 e3) 39. a5 $11 {[%emt 0:00:38][%cal Oa5a6] [#]} e3 $1 40. fxe3 Bc3 41. Qd5 Bxa5 42. Qd4+ (42. Qc4 $15) 42... Qxd4 $17 43. exd4 {[%emt 0:00:01] KB-KN} Bb6 44. g4 Kf6 45. Nd2 Bxd4+ 46. Kg2 h6 47. Ne4+ Ke5 48. Kf3 Bb2 49. Nf2 {[%emt 0:00:49] Hoping for Nd3+.} Ba3 50. Nd3+ Kf6 51. Nf2 Kg5 52. Ne4+ Kh4 53. Kg2 h5 (53... Bb4 $142) 54. Kf3 ({Better is} 54. Nd2 hxg4 55. hxg4) 54... Be7 ({Don't play} 54... Kxh3 $6 55. gxh5 gxh5 56. Ng5+ Kh2 57. Nxf7 $11) 55. Nf2 Bd8 56. Kf4 Be7 57. Kf3 $1 Bd8 58. Kf4 $1 Ba5 {[%emt 0:00:16] ...Be1 is the strong threat. Black is clearly better.} 59. Kf3 Bb4 60. Ne4 Be7 {[%emt 0:00:59] Weighted Error Value: White=0.23 (precise) /Black=0.24 (precise) .  Loses game:     	White=1     	---        Missed win:     	---       	Black=1      Mistake:       	White=6     	Black=3      Inaccurate:     	White=3     	Black=2      OK:         	White=17    	Black=19     Best:        	White=1     	Black=4      Strong:       	White=2     	Black=2} ({Much worse is} 60... Kxh3 $6 61. gxh5 gxh5 62. Ng5+ Kh2 63. Nxf7 $11) ({Black should try} 60... Ba3 $17) 1/2-1/2

[Event "MCC Labor Day Schev 2024"]
[Site "New York"]
[Date "2024.09.01"]
[Round "6.1"]
[White "Colas, Joshua"]
[Black "Zhao, Alex"]
[Result "1/2-1/2"]
[ECO "E62"]
[WhiteElo "2224"]
[BlackElo "2043"]
[Annotator "TA"]
[PlyCount "84"]
[EventDate "2024.08.28"]
[EventType "schev"]
[EventCountry "USA"]
[SourceTitle "playchess.com"]
[Source "ChessBase"]
[SourceQuality "1"]
[TimeControl "5400+30"]

1. Nf3 g6 2. g3 Bg7 3. d4 Nf6 4. Bg2 O-O 5. O-O d6 6. c4 c6 7. Nc3 Bf5 8. Nh4 Be6 9. d5 cxd5 10. cxd5 Bd7 11. e4 Na6 12. Be3 Ng4 13. Bd4 Bxd4 14. Qxd4 Qb6 15. Qd2 Nc5 16. Rab1 a5 17. h3 Ne5 18. Kh2 Rac8 19. f4 Nc4 20. Qe2 Na4 21. Nxa4 Bxa4 22. Rfc1 Bb5 23. Qe1 Qe3 24. Bf1 {[%emt 0:00:30] [#] Strongly threatening Qxe3.} Qxe1 25. Rxe1 Rc5 26. Nf3 {[%emt 0:00:30] Prevents Nd2} Rfc8 27. Nd4 Ba6 28. Nb3 {[%emt 0:00:30] Repels Nd2} R5c7 29. a4 b5 30. axb5 {[%emt 0:00:30] The position is equal.} Bxb5 31. Nxa5 Nxa5 32. Bxb5 Rc2+ 33. Kg1 Rb8 34. Re2 Rc5 {[%mdl 1024] Black has compensation.} 35. Ba4 Rb4 36. Bd1 Rcb5 37. Bc2 Nb3 38. Bxb3 Rxb3 39. Kg2 R5b4 40. Kh2 Rd3 41. Rg1 h5 42. h4 f6 {Weighted Error Value: White=0.05 (flawless) /Black=0.04 (flawless) .  Inaccurate:     	White=1     	Black=1      OK:         	White=14    	Black=12} 1/2-1/2

[Event "MCC Labor Day Schev 2024"]
[Site "New York"]
[Date "2024.09.01"]
[Round "6.2"]
[White "Almeida Saenz, Alfonso"]
[Black "Patel, Maahir M"]
[Result "1/2-1/2"]
[ECO "D00"]
[WhiteElo "2202"]
[BlackElo "2005"]
[Annotator "TA"]
[PlyCount "66"]
[EventDate "2024.08.28"]
[EventType "schev"]
[EventCountry "USA"]
[SourceTitle "playchess.com"]
[Source "ChessBase"]
[SourceQuality "1"]
[TimeControl "5400+30"]

1. d4 Nf6 2. Bg5 d5 3. Bxf6 exf6 4. e3 Bd6 5. c4 dxc4 6. Bxc4 Nd7 7. Nc3 f5 8. Nf3 O-O 9. O-O Nf6 10. Qc2 c6 11. Rad1 Qe7 12. Bd3 g6 13. Rfe1 Be6 14. a3 Nd5 15. Bf1 Nxc3 16. Qxc3 Bd5 17. Nd2 b5 18. g3 Qb7 (18... b4 $15 19. axb4 Bxb4) 19. b4 a5 20. bxa5 Qa7 21. Nb3 ({Better is} 21. e4 $11 fxe4 22. Nxe4) 21... Bxa3 (21... Qe7 $15 22. Nd2 Bc7 (22... Bxa3 23. Rb1 $15)) 22. Bg2 $11 Rfc8 23. Ra1 b4 24. Qc2 Bxb3 25. Qxb3 Qxa5 26. Rab1 ({White should play} 26. Rec1 $11) 26... Ra7 27. Bf1 Rac7 28. Bc4 Kg7 29. Re2 h5 30. h4 Qa7 31. Rc2 Rd8 32. Bf1 Rdc8 33. Rc5 Qb8 {[%emt 0:03:25] Weighted Error Value: White=0.13 (very precise) /Black=0.13 (very precise) .  Mistake:       	White=2     	Black=2      Inaccurate:     	White=1     	Black=5      OK:         	White=10    	Black=9      Best:        	White=1     	---} 1/2-1/2

[Event "MCC Labor Day Schev 2024"]
[Site "New York"]
[Date "2024.09.01"]
[Round "6.3"]
[White "Aravindakshan, Sahana"]
[Black "Rohde, Michael"]
[Result "0-1"]
[ECO "E95"]
[WhiteElo "2003"]
[BlackElo "2280"]
[Annotator "RC"]
[PlyCount "86"]
[EventDate "2024.08.28"]
[EventType "schev"]
[EventCountry "USA"]
[SourceTitle "playchess.com"]
[Source "ChessBase"]
[SourceQuality "1"]
[TimeControl "5400+30"]

1. d4 Nf6 2. c4 d6 3. Nc3 Nbd7 4. e4 e5 5. Nf3 g6 6. Be2 Bg7 7. O-O O-O 8. Re1 c6 9. Bf1 Qc7 10. a3 exd4 11. Nxd4 a5 12. Rb1 Nc5 13. b4 axb4 14. axb4 Ne6 15. Nde2 Ng4 16. h3 Ne5 17. Nf4 Nxf4 18. Bxf4 Ra3 19. Na4 f5 20. Bc1 Rxa4 21. Qxa4 fxe4 22. Be3 Bxh3 23. Qa5 Qb8 24. Ba7 Qe8 25. Be3 Bf5 26. Qc7 Ng4 27. Qxd6 Be5 28. Qd2 Bh2+ 29. Kh1 g5 30. c5 Qh5 31. Bc4+ Kg7 32. Bd4+ Kg6 33. Qd1 Bf4+ 34. Kg1 Qh2+ 35. Kf1 Qh1+ 36. Ke2 Qxg2 37. Rg1 Qf3+ 38. Ke1 Rd8 39. Qxf3 exf3 40. Rd1 Re8+ 41. Be3 Bxe3 42. Rxg4 Bf4+ 43. Kf1 Bxg4 0-1

[Event "MCC Labor Day Schev 2024"]
[Site "New York"]
[Date "2024.09.01"]
[Round "6.4"]
[White "Podavonov, Alisher"]
[Black "Gaw, Chloe"]
[Result "1-0"]
[ECO "D27"]
[WhiteElo "2140"]
[BlackElo "1981"]
[Annotator "TA"]
[PlyCount "91"]
[EventDate "2024.08.28"]
[EventType "schev"]
[EventCountry "USA"]
[SourceTitle "playchess.com"]
[Source "ChessBase"]
[SourceQuality "1"]
[TimeControl "5400+30"]

1. d4 d5 2. Nf3 Nf6 3. c4 dxc4 4. e3 e6 5. Bxc4 c5 6. O-O a6 7. dxc5 Bxc5 8. Qxd8+ Kxd8 9. Nbd2 Nc6 10. b3 b5 11. Be2 Bb7 {[%emt 0:00:11] White is slightly better.} 12. Bb2 Ke7 13. Rac1 Bd6 14. a4 b4 15. Nc4 Rhd8 16. Nd4 {[%emt 0:05:30] Nxc6+ is the strong threat.} Ne5 {[%emt 0:23:53] [#] Loses the game.} (16... Ne4 $16) 17. Na5 $1 $18 Bd5 18. f4 Neg4 19. Ndc6+ Kd7 20. Nxd8 Kxd8 21. Bd4 Nh6 22. Bxf6+ {[%emt 0:10:36] White is clearly winning.} gxf6 23. Bf3 Bxf3 24. gxf3 Ke7 25. Rfd1 Nf5 26. Kf2 e5 27. fxe5 fxe5 28. Nb7 Ra7 29. Nxd6 Nxd6 {[%emt 0:00:03][%mdl 4096] Endgame. KRR-KRN} 30. Rc6 Nf5 31. Ke2 f6 32. Rg1 Kf7 33. Rgc1 Ne7 34. Rc7 Ra8 35. R1c6 a5 36. Rd6 Rg8 37. Kd3 Re8 38. e4 Kg6 39. Re6 Rd8+ 40. Ke2 Ng8 41. Ra6 Re8 42. Rxa5 f5 43. Ra6+ Kg5 44. Rg7+ Kf4 45. Rf7 Ne7 46. Re6 {[%emt 0:00:38] Weighted Error Value: White=0.08 (flawless) /Black=0.43.  Loses game:     	---       	Black=1      Inaccurate:     	White=1     	Black=2      OK:         	White=12    	Black=6      Best:        	White=1     	---        Strong:       	White=1     	---} 1-0

[Event "MCC Labor Day Schev 2024"]
[Site "New York"]
[Date "2024.09.01"]
[Round "6.5"]
[White "Sarkar, Justin"]
[Black "Stern, Kevin B"]
[Result "1-0"]
[ECO "D37"]
[WhiteElo "2276"]
[BlackElo "1920"]
[Annotator "TA"]
[PlyCount "75"]
[EventDate "2024.08.28"]
[EventType "schev"]
[EventCountry "USA"]
[SourceTitle "playchess.com"]
[Source "ChessBase"]
[SourceQuality "1"]
[TimeControl "5400+30"]

1. c4 e6 2. Nf3 d5 3. d4 Nf6 4. Nc3 a6 5. cxd5 exd5 6. Qb3 h6 7. e4 c6 (7... Nxe4 $11 8. Qxd5 Nxc3 9. Qxd8+ Kxd8 10. bxc3 Bd6) 8. e5 $16 {[%emt 0:05:01] White is better.} Ne4 9. Bd3 Nxc3 10. Qxc3 Be6 11. Be3 Nd7 12. O-O Rc8 13. Rac1 c5 (13... a5 $142) 14. dxc5 {[%emt 0:01:15] White is more active.} Nxc5 (14... Bxc5 $16 15. b4 Bxe3 16. Qxc8 Bxc1 17. Rxc1 Bg4) 15. Nd4 $18 Nxd3 16. Qxd3 {[%emt 0:00:04] [#] Nxe6 would now be deadly.} Rxc1 17. Rxc1 Qd7 18. f4 {[%emt 0:07:11] Hoping for f5. Black is weak on the dark squares} g6 19. Nxe6 Qxe6 20. Rd1 Be7 21. Qxd5 Qxd5 22. Rxd5 {[%emt 0:00:02][%mdl 4096] Endgame. KRB-KRB} h5 23. Kf2 h4 24. Kf3 Rh5 25. Ke4 Rf5 26. Bb6 Rh5 27. a4 Rf5 $2 (27... f5+ 28. exf6 Bxf6) 28. Rd4 {[%emt 0:00:00] [#] Strongly threatening Rc4.} Rh5 $2 (28... f6 {keeps fighting.} 29. Rc4 fxe5 30. fxe5 Kd7) 29. Rc4 Rh7 30. Rc7 Bb4 31. Kd5 (31. Rxb7 $2 {loses.} f5+ 32. exf6 Rxb7 $19) 31... h3 32. g3 (32. Rxb7 hxg2 33. Bg1 Ba5 $16) 32... Be1 33. Rc1 Bd2 34. Rc8+ Kd7 35. Rb8 Be1 36. Rxb7+ Ke8 37. Bc5 {[%emt 0:00:00] Threatening mate with Kd6.} Kd8 38. Ke4 $4 {[%emt 0:05:30][%mdl 40960] Weighted Error Value: White=0.14 (very precise) /Black=0.68.  Mistake:       	---       	Black=5      Inaccurate:     	White=1     	Black=3      OK:         	White=12    	Black=6      Best:        	White=2     	Black=1     . Sensor Board Error (Ke4/e5)?} (38. Kc6 {and life is good for White.} Kc8 39. Bd6 Rh8 40. Rb8#) 1-0

[Event "MCC Labor Day Schev 2024"]
[Site "New York"]
[Date "2024.09.01"]
[Round "6.6"]
[White "Shangin, Lev"]
[Black "Zaderman, Vitaly"]
[Result "0-1"]
[ECO "E92"]
[WhiteElo "1974"]
[BlackElo "2093"]
[Annotator "TA"]
[PlyCount "52"]
[EventDate "2024.08.28"]
[EventType "schev"]
[EventCountry "USA"]
[SourceTitle "playchess.com"]
[Source "ChessBase"]
[SourceQuality "1"]
[TimeControl "5400+30"]

1. d4 Nf6 2. c4 g6 3. Nc3 Bg7 4. e4 d6 5. Nf3 O-O 6. Be2 c5 7. d5 e5 8. Be3 Na6 9. Nd2 Nc7 10. g4 {[%emt 0:06:01] White is better.} a6 11. Qc2 $2 (11. a4 $16 {stays on course.}) 11... Nxg4 $17 12. Bxg4 Bxg4 13. f3 Bd7 14. O-O-O b5 15. Rdg1 bxc4 16. Nxc4 Nb5 17. h4 Nd4 (17... h5 $19 18. Qd3 Qc7) 18. Qg2 {[%emt 0:00:21] White does not recover from this.} (18. Qd3 $17 {was worth a try.}) 18... Bb5 $19 19. h5 (19. Qf1 {was called for.}) 19... Bxc4 20. Qh3 (20. hxg6 $142 fxg6 21. Rxh7) 20... Qc8 21. Rg4 {[%emt 0:00:43] [#] Hoping for hxg6.} h6 {[%emt 0:06:39] White must now prevent ...g5.} ({Not} 21... Bxa2 $2 22. hxg6 h6 23. Bxh6 $18) 22. hxg6 fxg6 23. Bxh6 (23. Rxg6 $142 Qxh3 (23... Rxf3 24. Rxg7+ Kxg7 25. Qxh6+ Kf7 26. Qh5+ Ke7 27. Qg5+ Ke8 28. Rh8+ Rf8 29. Qg6+ Ke7 30. Rh7+ Kd8 31. Qxd6+ Ke8 32. Re7#) 24. Rxh3) 23... Rxf3 24. Qg2 {[%emt 0:00:37] [#]} Bf1 $1 25. Rxf1 (25. Qxf3 Nxf3) 25... Rxf1+ 26. Nd1 Bxh6+ {[%emt 0:00:20] Weighted Error Value: White=1.40/Black=0.14 (very precise) .  Mistake:       	White=5     	Black=1      Inaccurate:     	White=1     	---        OK:         	White=3     	Black=4      Best:        	---       	Black=3} 0-1